 Dungeon Crawl Stone Soup version 0.26.1-2-gb8aa6d0cf2 (webtiles) character file.

Game seed: 13851077403562434425

89 funkygono the Firebug (level 4, 0/30 HPs)
             Began as a Demonspawn Fire Elementalist on Feb 22, 2021.
             Slain by a river rat (10 damage)
             ... in a sewer on Feb 23, 2021.
             The game lasted 00:06:59 (2116 turns).

funkygono the Firebug (DsFE)                        Turns: 2116, Time: 00:06:59

Health: 0/30       AC:  2    Str:  8    XL:     4   Next: 31%
Magic:  1/8        EV: 12    Int: 18    God:
Gold:   156        SH:  0    Dex: 13    Spells: 7/8 levels left

rFire    + + .     SeeInvis .   c - +0 club
rCold    . . .     Faith    .   (no shield)
rNeg     + . .     Spirit   .   a - +0 robe
rPois    .         Reflect  .   (helmet restricted)
rElec    .         Harm     .   k - scarf {rC+ rF+}
rCorr    .         Rampage  .   (no gloves)
Will     .....                  (no boots)
Stlth    ++........             (no amulet)
HPRegen  0.10/turn              i - ring of fire
MPRegen  0.11/turn              j - ring of positive energy

@: no status effects
A: antennae 2, miasma immunity
a: no special abilities


You were in a sewer.
You visited 1 branch of the dungeon, and saw 3 of its levels.
You also visited: Sewer.

You collected 156 gold pieces.

Inventory:

Hand Weapons
 c - a +0 club (weapon)
Armour
 a - a +0 robe (worn)
 k - a scarf of resistance (worn)
 p - a +2 buckler
Jewellery
 e - an uncursed amulet of guardian spirit
 i - a ring of fire (left hand)
 j - a ring of positive energy (right hand)
Scrolls
 f - 3 scrolls of amnesia
 h - a scroll of remove curse
 l - 2 scrolls of teleportation
 n - a scroll of enchant weapon {unknown}
 q - a scroll of immolation {unknown}
 r - 2 scrolls of fog {unknown}
Potions
 b - a potion of ambrosia
 d - a potion of might
 g - a potion of mutation {unknown}
 m - 2 potions of heal wounds
 o - 2 potions of haste {unknown}


   Skills:
 + Level 1.8 Dodging
 - Level 1.7 Stealth
 * Level 2.9 Spellcasting
 * Level 1.9 Conjurations
 * Level 3.7 Fire Magic


You had 7 spell levels left.
You knew the following spells:

 Your Spells              Type           Power        Failure   Level
a - Foxfire               Conj/Fire      76%          4%          1

Your spell library contained the following spells:

 Spells                   Type           Power        Failure   Level
 Conjure Flame            Conj/Fire      19%          16%         3
 Inner Flame              Hex/Fire       14%          22%         3
 Sticky Flame             Conj/Fire      19%          45%         4
 Fireball                 Conj/Fire      9%           80%         5


Dungeon Overview and Level Annotations

Branches:
Dungeon (3/15)              Sewer (1/1)

Altars:
Zin


Innate Abilities, Weirdness & Mutations

You have a pair of antennae on your head.
You are immune to miasma.


Message History

The foxfire hits the river rat but does no damage.
The river rat is heavily wounded.
The river rat bites you.
You barely miss the river rat.
The river rat is heavily wounded.
The river rat bites you. The river rat closely misses you.
You hit the river rat but do no damage.
The river rat is heavily wounded.
The river rat bites you!
Your magical contamination has completely faded away.
You hit the river rat but do no damage.
The river rat is heavily wounded.
The river rat closely misses you.
You barely miss the river rat.
The river rat is heavily wounded.
The river rat closely misses you. The river rat bites you!
You barely miss the river rat.
The river rat is heavily wounded.
The river rat bites you!
You die...

#.#.####
#.#...#
##.####
####.r#
#...##§#
#.###.###
#######†##
.≈≈.≈≈.≈r#
.≈≈≈..≈≈@#
##########


You could see a river rat.

Vanquished Creatures
  An iguana (D:2)
  2 worms
  A dart slug (D:3)
  A leopard gecko (D:2)
  An orc (D:3)
  7 bats
  A giant cockroach (D:3)
  5 goblins
  14 hobgoblins
  2 frilled lizards
  7 kobolds
  13 rats
55 creatures vanquished.

Vanquished Creatures (others)
  147 foxfires
147 creatures vanquished.

Grand Total: 202 creatures vanquished

Notes
Turn   | Place    | Note
-------+----------+-------------------------------------------
     0 | D:1      | funkygono the Demonspawn Fire Elementalist began the quest
                  | for the Orb.
     0 | D:1      | Reached XP level 1. HP: 13/13 MP: 3/3
    91 | D:1      | Reached skill level 3 in Fire Magic
   176 | D:1      | Gained mutation: You are immune to miasma. [demonic
                  | ancestry]
   176 | D:1      | Reached XP level 2. HP: 19/19 MP: 0/5
   924 | D:2      | Gained mutation: You have a pair of small antennae on your
                  | head. [demonic ancestry]
   924 | D:2      | Reached XP level 3. HP: 20/24 MP: 0/6
  1756 | D:3      | Gained mutation: You have a pair of antennae on your head.
                  | [demonic ancestry]
  1756 | D:3      | Reached XP level 4. HP: 30/30 MP: 6/8
  1838 | D:3      | Found a glowing silver altar of Zin.
  1989 | D:3      | Found a glowing drain.
  1993 | Sewer    | Entered a sewer
  2116 | Sewer    | Slain by a river rat

Illustrated notes

Levels and vault maps discovered:
D:1:      dpeg_arrival_pits, layout_basic
D:2:      cheibrodos_old_hovel, layout_basic
D:3:      layout_basic, overflow_temple_1_default, gup_sewer_entry_bowl
Sewer:    sewer_co_cracked_pipes

Skill      XL: |  1 |
---------------+----+-----
Fire Magic     | 3 |  3.7
Dodging        | |  1.8
Stealth        | |  1.7
Spellcasting   | |  2.9
Conjurations   | |  1.9

Action                   |  1- 3 |  4- 6 || total
-------------------------+-------+-------++-------
Melee: Club              |     2 |     7 ||     9
 Cast: Foxfire           |    65 |    37 ||   102
  Use: Scroll            |     8 |       ||     8
Armor: Robe              |     5 |       ||     5
Dodge: Dodged            |    14 |    14 ||    28
